AoeStats
← Froduko

Arabia

510511515Analyzed
1v1 RM · 8h ago on Oct 1, 2026· 25m 20s· 2 players
Game mode
Random Map
Map size
Tiny (2 player)
Population
200
Speed
Normal
Resources
Standard
Victory
Conquest
Starting age
Dark Age
Ending age
Imperial Age
RankedLock teamsTeams togetherTeam positionsShared explorationLock speedFull tech treeHidden civsTurbo modeCheats
Victory
Defeat
🇪🇸 Vietnamese · Spain
931
+16
🇯🇵 Burgundians · Japan
925
-16
TangentRain77
10:20 Loom
13:25 Feudal Age
17:12 Castle Age
17:57 Double-Bit Axe
Froduko
7:38 Loom
10:22 Feudal Age
11:21 Double-Bit Axe
15:12 Fletching
17:37 Town Watch
22:41 Castle Age
20:48 Gold Mining
20:41 Horse Collar
21:48 Forging
23:36 Bow Saw
23:28 Heavy Plow
23:09 Pikeman
25:19 Squires
Connection lost

Rejoining the realm…

Still unreachable

The connection could not be restored.

Session expired

The server has moved on; the page needs a fresh start.